 Dungeon Crawl Stone Soup version 0.19.0-16-g73b5abf (webtiles) character file.

137 Gargoyl the Skirmisher (level 5, 18/41 HPs)
             Began as a Demonspawn Abyssal Knight on Nov 10, 2016.
             Was a Believer of Lugonu.
             Quit the game on level 3 of the Dungeon.
             The game lasted 00:04:34 (2952 turns).

Gargoyl the Skirmisher (Demonspawn Abyssal Knight)  Turns: 2952, Time: 00:04:34

Health: 18/41      AC:  9    Str: 14    XL:     5   Next: 0%
Magic:  7/7        EV:  9    Int: 13    God:    Lugonu [**....]
Gold:   55         SH:  0    Dex: 12    Spells: 0 memorised, 4 levels left

rFire  . . .     SeeInvis .     a - +1 hand axe
rCold  . . .     Gourm    .     e - +0 scale mail
rNeg   . . .     Faith    .     (no shield)
rPois  .         Spirit   +     d - +0 helmet
rElec  .         Reflect  .     (no cloak)
rCorr  .         Harm     .     (no gloves)
MR     .....                    l - +0 pair of boots
Stlth  ..........               (no amulet)
                                (no ring)
                                (no ring)

@: no status effects
A: claws 1, powered by death 1, magic shield
a: Depart the Abyss, Bend Space, Renounce Religion


You were on level 3 of the Dungeon.
You worshipped Lugonu.
Lugonu was pleased with you.
You were not hungry.

You visited 1 branch of the dungeon, and saw 3 of its levels.
You visited the Abyss 1 time.

You collected 55 gold pieces.

Inventory:

Hand Weapons
 a - a +1 hand axe (weapon)
Missiles
 m - 2 javelins of returning (quivered)
 n - 2 javelins
Armour
 d - a +0 helmet (worn)
 e - a +0 scale mail (worn)
 l - a +0 pair of boots (worn)
Scrolls
 f - a scroll of blinking {unknown}
 h - a scroll of random uselessness {unknown}
 i - 3 scrolls of identify {unknown}
 j - 2 scrolls of remove curse {unknown}
 k - 2 scrolls of amnesia {unknown}
 o - a scroll of fear {unknown}
 r - a scroll of teleportation {unknown}
 s - a scroll of recharging {unknown}
Potions
 b - 3 potions of curing {unknown}
 g - a potion of mutation {unknown}
 t - a potion of magic {unknown}
 u - a potion of brilliance {unknown}
Comestibles
 c - 2 bread rations
 p - a beef jerky
 q - 3 fruits
 v - 3 chunks of flesh


   Skills:
 + Level 3.6 Fighting
 + Level 2.5 Axes
 * Level 3.1 Armour
 + Level 1.6 Dodging
 * Level 3.4 Invocations


You had 4 spell levels left.
You didn't know any spells.

Dungeon Overview and Level Annotations

Branches:
Dungeon (3/15)

Altars:
Ashenzari


Innate Abilities, Weirdness & Mutations

You have sharp fingernails.
You regenerate a little health from kills.
When hurt, damage is shared between your health and your magic reserves.


Message History

The worm barely misses you.
You hit the worm.
The worm is severely wounded.
The worm bites you.
You hit the worm.
The worm is almost dead.
You hit the worm.
The worm is almost dead.
The worm bites you!
You hit the worm.
The worm is almost dead.
The worm bites you.
You hit the worm.
You kill the worm!
Lugonu accepts your kill.
You have reached level 5!
Your demonic ancestry asserts itself...
You feel your magical essence form a protective shroud around your flesh.
A rat comes into view.
Are you sure you want to abandon this character and quit the game? (Confirm with "yes".)

#...# #...#
#...## #....#
####....#######
#..............
#.##..<...#####
.. ####.#.# .
#@#.# #.#.# #..
. #.... #...r
.....# #....#
###...


You could see a rat.

Vanquished Creatures
  Ijyb (D:2)
  4 adders (D:2)
  An ooze (D:1)
  3 worms
  A dart slug (D:2)
  An orc (D:2)
  2 giant cockroaches
  3 goblins (D:1)
  8 hobgoblins
  9 jackals
  3 quokkas (D:2)
  6 bats
  5 frilled lizards
  7 kobolds
  6 rats
60 creatures vanquished.

Notes
Turn   | Place    | Note
-------+----------+-------------------------------------------
     0 | Abyss:1  | Gargoyl the Demonspawn Abyssal Knight began the quest for the Orb.
     0 | Abyss:1  | Reached XP level 1. HP: 18/18 MP: 2/2
    34 | Abyss:1  | Found a corrupted altar of Lugonu.
   147 | Abyss:2  | Found a corrupted altar of Lugonu.
   186 | Abyss:2  | Noticed an ancient zyme
   206 | Abyss:2  | Noticed a thrashing horror
   206 | Abyss:2  | Noticed a smoke demon
   209 | D:1      | Escaped the Abyss
   639 | D:1      | Reached skill level 1 in Dodging
   663 | D:1      | Reached * piety under Lugonu
   663 | D:1      | Gained mutation: You regenerate a little health from kills. [demonic ancestry]
   663 | D:1      | Reached XP level 2. HP: 16/24 MP: 3/3
  1416 | D:2      | Reached XP level 3. HP: 27/29 MP: 4/4
  1647 | D:2      | Found a faded altar of an unknown god.
  2049 | D:2      | Reached ** piety under Lugonu
  2182 | D:2      | Gained mutation: You have sharp fingernails. [demonic ancestry]
  2182 | D:2      | Reached XP level 4. HP: 26/35 MP: 6/6
  2220 | D:2      | Noticed Ijyb
  2236 | D:2      | Killed Ijyb
  2540 | D:2      | Found a shattered altar of Ashenzari.
  2544 | D:2      | Saw a vision of the Shoals and the Spider Nest.
  2544 | D:2      | Noticed a merfolk
  2544 | D:2      | Noticed a hippogriff
  2544 | D:2      | Noticed a merfolk
  2544 | D:2      | Noticed a siren
  2544 | D:2      | Noticed a merfolk
  2544 | D:2      | Noticed a wolf spider
  2544 | D:2      | Noticed a merfolk
  2544 | D:2      | Noticed a redback
  2546 | D:2      | Noticed a siren
  2946 | D:3      | Gained mutation: When hurt, damage is shared between your health and your magic reserves. [demonic ancestry]
  2946 | D:3      | Reached XP level 5. HP: 18/41 MP: 7/7
  2952 | D:3      | Quit the game

Skill      XL: |  1  2  3  4 |
---------------+-------------+-----
Dodging        | 1 |  1.6
Armour         | 2 3 |  3.1
Axes           | 2 |  2.5
Invocations    | 3 |  3.4
Fighting       | |  3.6

Action                   |  1- 3 |  4- 6 || total
-------------------------+-------+-------++-------
Melee: Hand axe          |   158 |    90 ||   248
Invok: Depart the Abyss  |     1 |       ||     1
  Eat: Chunk             |     4 |     3 ||     7
Armor: Scale mail        |    89 |    50 ||   139
Dodge: Dodged            |    80 |    39 ||   119
